 Dungeon Crawl Stone Soup version 0.29.0-4-gdea44cf6ec (webtiles) character file.

Game seed: 16376107802310485646

317 qw the Ruffian (level 6, -11/48 HPs)
             Began as a Ghoul Fire Elementalist on Aug 29, 2022.
             Mangled by a small abomination (16 damage)
             ... on level 1 of the Abyss.
             The game lasted 00:04:02 (4511 turns).

qw the Ruffian (Ghoul Fire Elementalist)            Turns: 4511, Time: 00:04:02

Health: -11/48     AC: 14    Str: 14    XL:     6   Next: 44%
Magic:  7/7        EV:  4    Int: 10    God:
Gold:   208        SH:  0    Dex:  9    Spells: 7/8 levels left

rFire   . . .      SeeInvis .     - Unarmed
rCold   + . .      Faith    .   (no shield)
rNeg    + + +      Spirit   .   c - +4 plate armour
rPois   inf        Reflect  .   (no helmet)
rElec   .          Harm     .   (no cloak)
rCorr   .          Rampage  .   (no gloves)
Will    .....                   (no boots)
Stlth   ..........              (no amulet)
HPRegen 0.00/turn               (no ring)
MPRegen 0.10/turn               (no ring)

@: inhibited regen
A: claws 1, cold resistance 1, negative energy resistance 3, inhibited
regeneration, torment resistance 2, devour on kill
a: no special abilities


You were on level 1 of the Abyss.
You visited 1 branch of the dungeon, and saw 4 of its levels.
You visited the Abyss 1 time.

You collected 208 gold pieces.


Innate Abilities, Weirdness & Mutations

You are immune to poison.
You have sharp fingernails.
Your flesh is cold resistant. (rC+)
You are immune to negative energy. (rN+++)
You do not regenerate when monsters are visible.
You are immune to unholy pain and torment.
You thrive by killing the living.


   Skills:
 + Level 2.1 Fighting
 - Level 1.2 Armour
 - Level 1.7 Dodging
 - Level 2.1 Stealth
 - Level 6.0 Unarmed Combat
 - Level 1.7 Spellcasting
 - Level 0.7 Conjurations
 - Level 2.4 Fire Magic


You had 7 spell levels left.
You knew the following spells:

 Your Spells              Type           Power      Damage    Failure   Level
a - Foxfire               Conj/Fire      16%        2x1d4     100%        1

Your spell library contained the following spells:

 Spells                   Type           Power      Damage    Failure   Level
 Scorch                   Fire           10%        2d6       100%        2
 Conjure Flame            Conj/Fire      4%         6-21      100%        3
 Inner Flame              Hex/Fire       3%         N/A       100%        3
 Flame Wave               Conj/Fire      4%         2d5       100%        4

Inventory:

Armour
 c - a +4 plate armour (worn)
Jewellery
 a - a ring of fire
Scrolls
 m - a scroll of identify
Potions
 b - a potion of haste
 f - a potion of lignification {unknown}
 g - a potion of cancellation {unknown}
 h - a potion of might {unknown}
 i - a potion of degeneration {unknown}
 j - a potion of invisibility {unknown}

Dungeon Overview and Level Annotations

Branches:
Dungeon (4/15)
 Temple: D:4-7

Altars:
Fedhas


Message History

You claw the orc wizard!
The orc wizard is almost dead.
The orc wizard hits you but does no damage.
You are cast into the Abyss!
This branch contains the abyssal rune of Zot.
A small abomination comes into view.
There is an open door here.
The small abomination hits you!
You scratch the small abomination.
The small abomination is lightly damaged.
The small abomination barely misses you.
You completely miss the small abomination.
The small abomination is lightly damaged.
The small abomination hits you.
The small abomination hits you but does no damage.
You claw the small abomination! Your claw misses the small abomination.
The small abomination is moderately damaged.
The small abomination barely misses you.
You barely miss the small abomination.
The small abomination is moderately damaged.
The small abomination hits you!
You scratch the small abomination but do no damage.
The small abomination is moderately damaged.
The small abomination hits you.
4507 ||| DRINKING potion of heal wounds.
You feel much better. The small abomination hits you!
The small abomination hits you.
You scratch the small abomination but do no damage.
The small abomination is moderately damaged.
The small abomination hits you but does no damage.
You closely miss the small abomination.
The small abomination is moderately damaged.
The small abomination hits you but does no damage.
You completely miss the small abomination.
The small abomination is moderately damaged.
The small abomination hits you!
You claw the small abomination!
The small abomination is severely damaged.
The small abomination hits you!
You die...

... #....
.....#########
.............
#..........#
..........# .
........#
....#.#'### ..
#.@.\#
#.....x...#
..........#
.....###'##
....# #.. ....
ยค... .## ....
....


You could see a small abomination.

Vanquished Creatures
  2 scorpions (D:4)
  A crimson imp (D:3)
  An orc wizard (D:3)
  3 gnolls (D:3)
  2 worms
  4 dart slugs
  9 orcs
  4 bats
  10 endoplasms
  5 giant cockroaches
  5 goblins
  3 hobgoblins
  4 jackals (D:1)
  6 kobolds
  4 quokkas
  8 ball pythons
  A frilled lizard (D:2)
  3 goblin zombies (D:3)
  4 hobgoblin zombies (D:3)
  A kobold skeleton (D:3)
  A kobold zombie (D:3)
  2 orc skeletons (D:3)
  3 orc zombies (D:3)
  13 rats
99 creatures vanquished.

Notes
Turn   | Place    | Note
-------+----------+-------------------------------------------
     0 | D:1      | qw the Ghoul Fire Elementalist began the quest for the Orb.
     0 | D:1      | Reached XP level 1. HP: 14/14 MP: 2/2
     0 | D:1      | 0 ||| qw: Version: 0.1-a-90-g952f4b7
     0 | D:1      | 0 ||| qw: Game counter: 3664
     0 | D:1      | 0 ||| qw: Always use a shield: true
     0 | D:1      | 0 ||| qw: God list: Okawaru
     0 | D:1      | 0 ||| qw: Allow faded altars: false
     0 | D:1      | 0 ||| qw: Do Orc after D:15 true
     0 | D:1      | 0 ||| qw: Do second Lair branch before Depths: true
     0 | D:1      | 0 ||| qw: Lair rune preference: random
     0 | D:1      | 0 ||| qw: Plans: Normal
     0 | D:1      | 0 ||| PLANNING D:1-11
   129 | D:1      | 129 ||| Stepping ~*~*~tactically~*~*~ (stealth).
   137 | D:1      | Reached skill level 1 in Unarmed Combat
   143 | D:1      | Reached XP level 2. HP: 16/22 MP: 3/3
   150 | D:1      | Reached skill level 1 in Fighting
   683 | D:1      | Reached skill level 2 in Unarmed Combat
   702 | D:1      | 702 ||| Stepping ~*~*~tactically~*~*~ (stealth).
   722 | D:1      | 722 ||| Stepping ~*~*~tactically~*~*~ (stealth).
   734 | D:1      | 734 ||| Stepping ~*~*~tactically~*~*~ (stealth).
   735 | D:1      | 735 ||| Stepping ~*~*~tactically~*~*~ (stealth).
   739 | D:1      | Reached XP level 3. HP: 20/28 MP: 4/4
  1678 | D:1      | 1678 ||| UPGRADING to +0 scale mail.
  1688 | D:1      | 1688 ||| DROPPING +0 robe.
  1689 | D:1      | 1689 ||| UPGRADING to +0 chain mail.
  1699 | D:1      | 1699 ||| DROPPING +0 scale mail.
  1700 | D:1      | 1700 ||| READING scroll labelled XUWIPPI UNUFICUNT.
  1701 | D:1      | 1701 ||| READING scroll labelled VASAHOUFAECK.
  1702 | D:1      | 1702 ||| READING scroll labelled SAMASU DECARON.
  1703 | D:1      | 1703 ||| DROPPING potion of magic.
  1739 | D:2      | Reached skill level 3 in Unarmed Combat
  1877 | D:2      | 1877 ||| Stepping ~*~*~tactically~*~*~ (hiding).
  1919 | D:2      | 1919 ||| Stepping ~*~*~tactically~*~*~ (stealth).
  1941 | D:2      | Found a faded altar of an unknown god.
  2400 | D:2      | Reached XP level 4. HP: 35/35 MP: 5/5
  2654 | D:2      | 2654 ||| READING scroll labelled LITRUZ KOS.
  2655 | D:2      | 2655 ||| DRINKING 2 viscous black potions.
  2656 | D:2      | 2656 ||| DROPPING potion of flight.
  2691 | D:3      | 2691 ||| Stepping ~*~*~tactically~*~*~ (hiding).
  2697 | D:3      | 2697 ||| Stepping ~*~*~tactically~*~*~ (outnumbered).
  2698 | D:3      | 2698 ||| Stepping ~*~*~tactically~*~*~ (outnumbered).
  2699 | D:3      | 2699 ||| Stepping ~*~*~tactically~*~*~ (outnumbered).
  2700 | D:3      | 2700 ||| Stepping ~*~*~tactically~*~*~ (outnumbered).
  2703 | D:3      | 2703 ||| Stepping ~*~*~tactically~*~*~ (outnumbered).
  2706 | D:3      | 2706 ||| Stepping ~*~*~tactically~*~*~ (outnumbered).
  2711 | D:3      | Reached skill level 4 in Unarmed Combat
  2713 | D:3      | HP: 8/35 [dart slug (1)]
  2983 | D:3      | 2983 ||| Stepping ~*~*~tactically~*~*~ (hiding).
  2986 | D:3      | 2986 ||| Stepping ~*~*~tactically~*~*~ (stealth).
  2993 | D:3      | 2993 ||| Stepping ~*~*~tactically~*~*~ (stealth).
  2996 | D:3      | 2996 ||| Stepping ~*~*~tactically~*~*~ (outnumbered).
  2997 | D:3      | 2997 ||| Stepping ~*~*~tactically~*~*~ (outnumbered).
  2998 | D:3      | 2998 ||| Stepping ~*~*~tactically~*~*~ (outnumbered).
  2999 | D:3      | 2999 ||| Stepping ~*~*~tactically~*~*~ (outnumbered).
  3000 | D:3      | 3000 ||| Stepping ~*~*~tactically~*~*~ (outnumbered).
  3001 | D:3      | 3001 ||| Stepping ~*~*~tactically~*~*~ (outnumbered).
  3024 | D:3      | Reached skill level 1 in Armour
  3024 | D:3      | Reached XP level 5. HP: 19/41 MP: 6/6
  3024 | D:3      | 3024 ||| FLEEEEING.
  3034 | D:3      | 3034 ||| FLEEEEING.
  3035 | D:3      | 3035 ||| FLEEEEING.
  3036 | D:3      | 3036 ||| FLEEEEING.
  3038 | D:3      | 3038 ||| STAIRDANCE
  3193 | D:2      | 3193 ||| READING scroll labelled PIUGOR MIYRELL.
  3194 | D:2      | 3194 ||| DRINKING 2 lumpy golden potions.
  3197 | D:3      | 3197 ||| STAIRDANCE
  3219 | D:3      | 3219 ||| Stepping ~*~*~tactically~*~*~ (outnumbered).
  3220 | D:3      | 3220 ||| Stepping ~*~*~tactically~*~*~ (outnumbered).
  3236 | D:3      | Found a blossoming altar of Fedhas.
  3264 | D:3      | 3264 ||| Stepping ~*~*~tactically~*~*~ (hiding).
  3411 | D:3      | 3411 ||| Stepping ~*~*~tactically~*~*~ (stealth).
  3417 | D:3      | 3417 ||| Stepping ~*~*~tactically~*~*~ (stealth).
  3861 | D:3      | 3861 ||| UPGRADING to +3 plate armour.
  3871 | D:3      | 3871 ||| DROPPING +0 chain mail.
  3872 | D:3      | 3872 ||| READING scroll of enchant armour.
  3872 | D:3      | 3872 ||| ENCHANTING +3 plate armour.
  3873 | D:3      | 3873 ||| READING scroll labelled KIDWAA DUDUEF.
  3874 | D:3      | 3874 ||| READING scroll labelled HUASAK BOCWEP.
  3875 | D:3      | 3875 ||| DRINKING 2 blue potions.
  3876 | D:3      | 3876 ||| READING 2 scrolls of identify.
  3876 | D:3      | 3876 ||| IDENTIFYING fuming cyan potion
  3877 | D:3      | 3877 ||| DROPPING potion of berserk rage.
  3897 | D:4      | 3897 ||| Stepping ~*~*~tactically~*~*~ (hiding).
  3898 | D:4      | 3898 ||| Stepping ~*~*~tactically~*~*~ (hiding).
  3971 | D:4      | Reached skill level 5 in Unarmed Combat
  3971 | D:4      | Reached XP level 6. HP: 38/48 MP: 7/7
  4133 | D:4      | 4133 ||| Stepping ~*~*~tactically~*~*~ (stealth).
  4137 | D:4      | 4137 ||| Stepping ~*~*~tactically~*~*~ (stealth).
  4151 | D:4      | 4151 ||| Stepping ~*~*~tactically~*~*~ (hiding).
  4152 | D:4      | 4152 ||| Stepping ~*~*~tactically~*~*~ (hiding).
  4200 | D:4      | 4200 ||| Stepping ~*~*~tactically~*~*~ (stealth).
  4219 | D:4      | Reached skill level 6 in Unarmed Combat
  4260 | D:4      | 4260 ||| Stepping ~*~*~tactically~*~*~ (stealth).
  4286 | D:4      | 4286 ||| Stepping ~*~*~tactically~*~*~ (hiding).
  4297 | D:4      | 4297 ||| FLEEEEING.
  4298 | D:4      | 4298 ||| FLEEEEING.
  4299 | D:4      | 4299 ||| FLEEEEING.
  4300 | D:4      | 4300 ||| FLEEEEING.
  4310 | D:4      | 4310 ||| FLEEEEING.
  4313 | D:4      | 4313 ||| FLEEEEING.
  4314 | D:4      | 4314 ||| FLEEEEING.
  4315 | D:4      | 4315 ||| FLEEEEING.
  4317 | D:4      | 4317 ||| FLEEEEING.
  4318 | D:4      | 4318 ||| FLEEEEING.
  4331 | D:4      | 4331 ||| FLEEEEING.
  4332 | D:4      | 4332 ||| FLEEEEING.
  4333 | D:4      | 4333 ||| STAIRDANCE
  4449 | D:3      | 4449 ||| READING 2 scrolls of identify.
  4449 | D:3      | 4449 ||| IDENTIFYING brown potion
  4450 | D:3      | 4450 ||| DROPPING potion of attraction.
  4453 | D:4      | 4453 ||| STAIRDANCE
  4464 | Abyss:1  | Cast into level 1 of the Abyss (orc wizard)
  4498 | Abyss:1  | Noticed a small abomination
  4506 | Abyss:1  | HP: 10/48 [small abomination (6)]
  4507 | Abyss:1  | 4507 ||| DRINKING potion of heal wounds.
  4511 | Abyss:1  | Mangled by a small abomination

Levels and vault maps discovered:
D:1:      psy_arrival_radial01, layout_basic
D:2:      layout_loops_cross, basic_ecumenical_altar, minmay_rat_gold_closets
D:3:      layout_rooms, nicolae_overflow_crystal_walls,
          nicolae_tso_besieged_by_evil
D:4:      layout_gridville, minmay_pentomino_pile
Abyss:1:  base:
D:2

Skill      XL: |  1  2  3  4  5  6 |
---------------+-------------------+-----
Unarmed Combat | 1 2 3 4 5 6 |  6.0
Fighting       | 1 2 |  2.1
Armour         | 1 |  1.2
Dodging        | |  1.7
Stealth        | |  2.1
Spellcasting   | |  1.7
Conjurations   | |  0.7
Fire Magic     | |  2.4

Action                   |  1- 3 |  4- 6 || total
-------------------------+-------+-------++-------
Melee: Unarmed           |   140 |   225 ||   365
       Punch             |     3 |     9 ||    12
  Use: Scroll            |     3 |     7 ||    10
       Potion            |       |     4 ||     4
Armor: Robe              |    17 |       ||    17
       Chain mail        |    10 |    83 ||    93
       Plate armour      |       |    43 ||    43
Dodge: Dodged            |    77 |    40 ||   117

Table legend:
 A = Non-vault XP
 B = Vault XP
 C = Vault XP percentage of total XP
 D = Non-vault monster count
 E = Vault monster count
 F = Vault count percentage of total count
                 A         B        C        D         E       F
            +---------+---------+-------+---------+---------+-------
      Total |     295 |     158 |  34.9 |      70 |      29 |  29.3
            +---------+---------+-------+---------+---------+-------
        D:1 |      54 |       0 |   0.0 |      30 |       0 |   0.0
        D:2 |      30 |      10 |  25.0 |      14 |      10 |  41.7
        D:3 |     114 |      64 |  36.0 |      20 |      15 |  42.9
        D:4 |      97 |      84 |  46.4 |       6 |       4 |  40.0
            +---------+---------+-------+---------+---------+-------
